 Dungeon Crawl Stone Soup version bcrawl-1.18.1 (webtiles) character file.

Game seed: 1468523887113796063

679 Freyura the Cudgeler (level 7, -1/64 HPs)
             Began as a Gargoyle Gladiator on Nov 9, 2019.
             Was a Follower of Okawaru.
             Slain by an orc wizard
             ... wielding a +0 dagger
              (3 damage)
             ... on level 5 of the Dungeon.
             The game lasted 00:11:31 (3521 turns).

Freyura the Cudgeler (Gargoyle Gladiator)           Turns: 3521, Time: 00:11:32

Health: -1/64      AC: 15    Str: 22    XL:     7   Next: 60%
Magic:  0/9        EV: 14    Int:  9    God:    Okawaru [*.....]
Gold:   203        SH:  0    Dex: 13    Spells: 6/6 levels left

rFire    . . .     SeeInvis .   a - +0 flail
rCold    . . .     Gourm    .   (no shield)
rNeg     + . .     Faith    .   r - +0 ring mail
rPois    ∞         Spirit   +   c - +0 helmet
rElec    +         Reflect  .   (no cloak)
rCorr    .         Harm     .   q - +1 pair of gloves
MR       .....                  (no boots)
Stlth    ..........             e - amulet of guardian spirit
HPRegen  0.00/turn              (no ring)
MPRegen  0.11/turn              (no ring)

@: berserking, very quick
A: repulsion field 1, iridescent scales 1, blink, negative energy resistance 1,
electricity resistance, inhibited regeneration, unbreathing, petrification
resistance, rot immunity, AC +4
a: Blink, Heroism, Renounce Religion


You were on level 5 of the Dungeon.
You worshipped Okawaru.
Okawaru was aware of your devotion.
You were hungry.

You visited 1 branch of the dungeon, and saw 5 of its levels.

You collected 203 gold pieces.

Inventory:

Hand Weapons
 a - a +0 flail (weapon)
Missiles
 d - 3 throwing nets (quivered) {!f}
Armour
 c - a +0 helmet (worn)
 q - a +1 pair of gloves (worn)
 r - a +0 ring mail (worn)
Jewellery
 e - an amulet of guardian spirit (around neck)
Scrolls
 g - 2 scrolls of immolation {unknown}
 h - a scroll of amnesia
 j - a scroll of identify
 k - a scroll of magic mapping {unknown}
 m - 2 scrolls of fog
Potions
 b - a potion of invisibility {unknown}
 i - 2 potions of curing
 l - a potion of degeneration {unknown}
 n - a potion of ambrosia {unknown}
 o - 5 potions of haste
Comestibles
 f - 4 rations {!d}


   Skills:
 + Level 4.2 Fighting
 * Level 5.6 Maces & Flails
 - Level 1.7 Throwing
 + Level 3.3 Armour
 + Level 3.6 Dodging
 + Level 2.8 Invocations


You had 6 spell levels left.
You didn't know any spells.
Your spell library was empty.

Dungeon Overview and Level Annotations

Branches:
Dungeon (5/12)             Temple (0/1) D:4

Altars:
Ashenzari
Elyvilon
Gozag
Nemelex Xobeh
Okawaru

Shops:
D:4 *


Innate Abilities, Weirdness & Mutations

You are resistant to torment.
Your stone body is resilient. (AC +4)
You are immune to poison.
You resist negative energy. (rN+)
You are resistant to electric shocks. (rElec)
You can survive without breathing.
You are immune to petrification.
You are immune to rotting.
You are surrounded by a mild repulsion field. (EV +2)
You are partially covered in iridescent scales. (AC +2)
You can translocate small distances at will.
You do not regenerate when monsters are visible.


Message History

The orc priest shouts!
You hear an angry hiss.
You're too confused to move!
The orc wizard mumbles some strange words.
The orc wizard seems to speed up.
The orc priest calls down the wrath of Beogh upon you.
Beogh smites you!
* * * LOW HITPOINT WARNING * * *
You bump into the rock wall.
The orc wizard gestures at you while chanting.
The puff of flame hits you!
* * * LOW HITPOINT WARNING * * *
An orc comes into view.
It is wielding a +0 mace and wearing a +1 scale mail of poison resistance.
The orc wizard hits you but does no damage.
You feel less confused.
Okay, then.
It was a potion of berserk rage.
A red film seems to cover your vision as you go berserk!
You feel yourself moving faster!
You feel mighty!
The orc wizard hits you with a +0 dagger.
You die...

...# #.#.### ..#
#.....# ..# #<....#
###.# #.....### ..o#
#.......#
.#.####.####?......#
........o).))......#
.#######o###......##
#.@####.##...
#.....#.......
#.....#..#...%
#.....#.[# .
#......... #.....#.#
#.....#.# ###.#.# #


You could see an orc priest and 2 orc wizards.

Vanquished Creatures
  A sky beast (D:4)
  A phantom (D:3)
  A centaur (D:5)
  A crimson imp (D:5)
  A hound (D:4)
  An orc priest (D:5)
  A centaur skeleton (D:4)
  2 orc wizards (D:4)
  3 worker ants
  5 adders
  2 shadow imps (D:5)
  4 worms
  4 dart slugs
  4 leopard geckos
  7 orcs
  4 giant cockroaches
  8 goblins
  12 hobgoblins
  4 jackals (D:3)
  7 kobolds
  3 quokkas
  4 bats
  4 frilled lizards
  A leopard gecko skeleton (D:3)
  A quokka skeleton (D:2)
  5 rats
91 creatures vanquished.

Vanquished Creatures (others)
  An orc wizard (D:5)
1 creature vanquished.

Grand Total: 92 creatures vanquished

Notes
Turn   | Place    | Note
-------+----------+-------------------------------------------
     0 | D:1      | Freyura the Gargoyle Gladiator began the quest for the Orb.
     0 | D:1      | Reached XP level 1. HP: 12/12 MP: 1/1
    61 | D:1      | Reached XP level 2. HP: 14/18 MP: 2/2
   253 | D:1      | Reached skill level 1 in Armour
   334 | D:1      | Reached XP level 3. HP: 22/22 MP: 3/3
   941 | D:2      | Found a sparkling altar of Nemelex Xobeh.
   942 | D:2      | Found an opulent altar of Gozag.
   964 | D:2      | Found an iron altar of Okawaru.
   973 | D:2      | Became a worshipper of Warmaster Okawaru
  1020 | D:2      | Reached XP level 4. HP: 16/27 MP: 1/4
  1601 | D:3      | Found a white marble altar of Elyvilon.
  1618 | D:3      | Found a shattered altar of Ashenzari.
  2067 | D:3      | Reached skill level 4 in Maces & Flails
  2205 | D:3      | Reached XP level 5. HP: 32/32 MP: 5/5
  2271 | D:3      | Reached skill level 1 in Invocations
  2347 | D:3      | Noticed a phantom
  2421 | D:3      | Killed a phantom
  2825 | D:3      | Gained mutation: You do not regenerate when monsters are
                  | visible. [potion of mutation]
  2825 | D:3      | Gained mutation: You are partially covered in iridescent
                  | scales. (AC +2) [potion of mutation]
  2825 | D:3      | Gained mutation: You are surrounded by a mild repulsion
                  | field. (EV +2) [potion of mutation]
  2825 | D:3      | Gained mutation: You can translocate small distances at
                  | will. [potion of mutation]
  2848 | D:4      | Reached XP level 6. HP: 36/37 MP: 7/7
  3060 | D:4      | Noticed a sky beast
  3079 | D:4      | Killed a sky beast
  3079 | D:4      | Reached * piety under Okawaru
  3079 | D:4      | Reached skill level 5 in Maces & Flails
  3079 | D:4      | Reached XP level 7. HP: 38/42 MP: 8/8
  3147 | D:4      | Found Cus Bulo's General Store.
  3270 | D:4      | Found a staircase to the Ecumenical Temple.
  3410 | D:5      | Entered Level 5 of the Dungeon
  3518 | D:5      | HP: 2/43 [orc priest/divine providence (9)]
  3521 | D:5      | Slain by an orc wizard

Skill      XL: |  1  2  3  4  5  6  7 |
---------------+----------------------+-----
Armour         | 1 2 3 |  3.3
Fighting       | 3 4 |  4.2
Maces & Flails | 4 5 |  5.6
Dodging        | 3 |  3.6
Invocations    | 1 2 |  2.8
Throwing       | |  1.7

Action                   |  1- 3 |  4- 6 |  7- 9 || total
-------------------------+-------+-------+-------++-------
Melee: Flail             |   154 |   183 |    64 ||   401
  Use: Scroll            |       |     5 |       ||     5
       Potion            |       |     1 |     1 ||     2
  Eat: Chunk             |     1 |     4 |       ||     5
       Ration            |       |     1 |       ||     1
Armor: Leather armour    |    50 |     1 |       ||    51
       Ring mail         |       |    99 |    44 ||   143
Dodge: Dodged            |   111 |   131 |    58 ||   300
